 Dungeon Sprint DCSS version 0.31-a0-654-gbe3e110b4e (webtiles) character file.

Game seed: 13281788176510991667

2 Midn8 the Shooter (level 1, -5/16 HPs)
             Began as a Formicid Hunter on Aug 29, 2023.
             Was an Initiate of Ru.
             Shot with an arrow by a centaur (6 damage)
             ... in the Dungeon (Sprint VII: "The Pits").
             The game lasted 00:00:49 (72 turns).

Midn8 the Shooter (Formicid Hunter)                   Turns: 72, Time: 00:00:50

Health: -5/16      AC:  3    Str: 15    XL:     1   Next: 44%
Magic:  1/1        EV: 12    Int:  8    God:    Ru [......]
Gold:   0          SH:  0    Dex: 17    Spells: 0/0 levels left

rFire   . . .        a - +0 shortbow
rCold   . . .        (no shield)
rNeg    . . .        c - +0 leather armour
rPois   .            (helmet unavailable)
rElec   .            (no cloak)
rCorr   .            (no gloves)
SInv    +            (no boots)
Will    .....        (no amulet)
Stlth   ++           (no ring)
HPRegen 0.22/turn    (no ring)
MPRegen 0.07/turn

%: no passive effects
@: invisible
A: permanent stasis, dig shafts and tunnels, antennae 3, four strong arms
a: Dig, Renounce Religion


You were in the Dungeon.
You worshipped Ru.
Ru was noncommittal.
You visited 1 branch

Inventory:

Hand Weapons
 a - a +0 shortbow (weapon)
Armour
 c - a +0 leather armour (worn)
Scrolls
 b - a scroll of butterflies
 g - a scroll of blinking
 i - 2 scrolls of vulnerability
 j - 5 scrolls of amnesia
 k - a scroll of summoning
Potions
 d - a potion of curing
 e - a potion of heal wounds
 f - 4 potions of magic
 h - a potion of invisibility


   Skills:
 - Level 2.1 Fighting
 + Level 4.9 Ranged Weapons
 - Level 1.7 Dodging
 - Level 1.2 Stealth


You couldn't memorise any spells.
You didn't know any spells.
Your spell library was empty.

Dungeon Overview and Level Annotations

Branches:
Dungeon (1/1)

Altars:
Ashenzari
Cheibriados
Dithmenos
Elyvilon
Fedhas
Gozag
Hepliaklqana
Kikubaaqudgha
Makhleb
Nemelex Xobeh
Okawaru
Qazlal
Ru
Sif Muna
Trog
Uskayaw
Vehumet
Wu Jian
Xom
Yredelemnul
Zin
The Shining One
Jiyva
Lugonu


Innate Abilities, Weirdness & Mutations

You cannot be hasted, slowed, berserked, paralysed or teleported.
You can dig through walls and to a lower floor.
You have a pair of large antennae on your head. (SInv)
Your four strong arms can wield two-handed weapons with a shield.


Message History

A closed door.
You open the door.
A crimson imp comes into view.
The crimson imp shouts!
You hear a howl!
A wolf comes into view.
A kobold comes into view. It is wielding a +0 whip.
The kobold shouts!
You hear a shout!
You hear a shout!
The crimson imp disappears for a moment.
The crimson imp blinks!
An endoplasm comes into view.
A centaur comes into view.
You shoot an arrow. The endoplasm quivers.
The arrow hits the crimson imp!
The crimson imp is heavily wounded.
The crimson imp shouts, "Out, out, thou unhinged bat-fowling strumpet!"
The crimson imp hits you but does no damage.
You shoot an arrow.
The arrow closely misses the crimson imp.
The arrow misses the wolf.
The crimson imp blinks!
You shoot an arrow. The arrow hits the wolf!
The wolf is moderately wounded.
The wolf bites you.
The endoplasm jiggles.
The wolf barely misses you.
You shoot an arrow. The arrow barely misses the wolf.
The arrow hits the endoplasm.
You kill the endoplasm!
The wolf bites you but does no damage.
An orc wizard comes into view. It is wielding a +0 dagger.
The wolf bites you!
Ouch! That really hurt!
* * * LOW HITPOINT WARNING * * *
You are too injured to fight recklessly!
You aren't carrying any items that you can evoke.
You fade into invisibility!
The centaur wields a +0 shortbow.
The centaur shoots an arrow.
The arrow closely misses the wolf.
The arrow hits you.
You die...

#...........'.....
#'#####+#####.....
#.# { { #..... #.#
####'# #.# { {{
#..... #.# {
#..... #.# #.....
#.# { #...<. #@# {
{ #..... #h# { {
#..... #c# #.....
#K., { ###### #..#
#5..,{ ##o## ..,{
.#


You could see a wolf, a centaur (unable to see you), an orc wizard (unable to
see you), a crimson imp (unable to see you) and a kobold (unable to see you).

Vanquished Creatures
  2 endoplasms (D)
2 creatures vanquished.

Notes
Turn   | Place    | Note
-------+----------+-------------------------------------------
     0 | D        | Midn8 the Formicid Hunter began the quest for the Orb.
     0 | D        | Reached XP level 1. HP: 16/16 MP: 1/1
    17 | D        | Found a bloodstained altar of Trog.
    17 | D        | Found a shimmering blue altar of Sif Muna.
    17 | D        | Found a viscous altar of Jiyva.
    17 | D        | Found a hazy altar of Hepliaklqana.
    17 | D        | Found an opulent altar of Gozag.
    18 | D        | Found a glowing golden altar of the Shining One.
    18 | D        | Found a glowing silver altar of Zin.
    18 | D        | Found a basalt altar of Yredelemnul.
    18 | D        | Found a shimmering altar of Xom.
    18 | D        | Found an ornate altar of the Wu Jian Council.
    18 | D        | Found a sacrificial altar of Ru.
    18 | D        | Found a stormy altar of Qazlal.
    18 | D        | Found an iron altar of Okawaru.
    18 | D        | Found a sparkling altar of Nemelex Xobeh.
    18 | D        | Found a burning altar of Makhleb.
    18 | D        | Found a blossoming altar of Fedhas.
    18 | D        | Found a white marble altar of Elyvilon.
    18 | D        | Found a shadowy altar of Dithmenos.
    18 | D        | Found a snail-covered altar of Cheibriados.
    19 | D        | Found a radiant altar of Vehumet.
    19 | D        | Found a corrupted altar of Lugonu.
    20 | D        | Found a hide-covered altar of Uskayaw.
    20 | D        | Found an ancient bone altar of Kikubaaqudgha.
    20 | D        | Found a broken altar of Ashenzari.
    23 | D        | Became a worshipper of Ru the Awakened
    66 | D        | Noticed a crimson imp
    66 | D        | Noticed a wolf
    68 | D        | Noticed a centaur
    71 | D        | Noticed an orc wizard
    72 | D        | Shot with an arrow by a centaur

Illustrated notes

Levels and vault maps discovered:
D:        pitsprint [storerooms_1, entrance_room_1, metal_vault_6, armoury_2,
          mini_pit_1, grid_room_1, main_hall_1, silver_pit, the_coven_1,
          the_vestibule_1, steel_vault_4, golden_pit, hallway_of_sentries,
          crystal_vault_5, iron_vault_3, final_vault]

Action                     || total
---------------------------++-------
   Fire: Shortbow          ||     8
    Use: Potion            ||     1
 Armour: Leather armour    ||     2
  Dodge: Dodged            ||     2

Table legend: (Time is in decaauts)
 A = Elapsed time spent in this place.
 B = Non-inter-level travel time spent in this place.
 C = Inter-level travel time spent in this place.
 D = Time resting spent in this place.
 E = Time spent auto-exploring this place.
 F = Levels seen in this place.
 G = Mean time per level.
                   A        B        C        D        E       F      G
               +--------+--------+--------+--------+--------+-----+--------+
         Total |     74 |     74 |      0 |      0 |      0 |   1 |   74.0 |
       Dungeon |     74 |     74 |      0 |      0 |      0 |   1 |   74.0 |
               +--------+--------+--------+--------+--------+-----+--------+

Top non-repeatable levels by time:
       D: 74 daAuts
